 Dungeon Crawl Stone Soup version 0.22-a0-283-g1871b15 (webtiles) character file.

7 Gorglomux the Digger (level 1, -2/16 HPs)
             Began as a Minotaur Earth Elementalist on Mar 18, 2018.
             Slain by a kobold (3 damage)
             ... on level 1 of the Dungeon.
             The game lasted 00:00:49 (389 turns).

Gorglomux the Digger (Minotaur Earth Elementalist)   Turns: 389, Time: 00:00:50

Health: -2/16      AC:  2    Str: 12    XL:     1   Next: 91%
Magic:  0/1        EV: 12    Int: 12    God:
Gold:   6          SH:  0    Dex: 10    Spells: 1/2 levels left

rFire    . . .     SeeInvis .   (no weapon)
rCold    . . .     Gourm    .   (no shield)
rNeg     . . .     Faith    .   c - +0 robe
rPois    .         Spirit   .   (helmet restricted)
rElec    .         Reflect  .   (no cloak)
rCorr    .         Harm     .   (no gloves)
MR       .....                  (no boots)
Stlth    ++........             (no amulet)
HPRegen  0.05/turn              (no ring)
MPRegen  0.07/turn              (no ring)

@: no status effects
A: retaliatory headbutt, horns 2
a: no special abilities


You were on level 1 of the Dungeon.
You were not hungry.

You visited 1 branch of the dungeon, and saw 1 of its levels.

You collected 6 gold pieces.

Inventory:

Missiles
 b - 30 stones (quivered)
Armour
 c - a +0 robe (worn)
Scrolls
 e - a scroll of remove curse {unknown}
 g - a scroll of fear {unknown}
 h - a scroll of identify {unknown}
Comestibles
 d - a ration


   Skills:
 + Level 1.0 Fighting
 + Level 1.0 Armour
 - Level 2.1 Dodging
 - Level 1.5 Stealth
 + Level 0.8 Unarmed Combat
 - Level 1.3 Spellcasting
   Level 0.7 Transmutations
 - Level 2.4 Earth Magic


You had one spell level left.
You knew the following spells:

 Your Spells              Type           Power        Failure   Level  Hunger
a - Sandblast             Erth           #.....       11%         1    ##.....


Dungeon Overview and Level Annotations

Branches:
Dungeon (1/15)

Altars:


Innate Abilities, Weirdness & Mutations

You reflexively headbutt those who attack you in melee.
You have a pair of horns on your head.


Message History

Casting: Sandblast (safe; 11% risk of failure)
Confirm with ! or Enter, or press ? or * to list all spells!
You don't have butt magic to cast that spell!
Unknown command!
The kobold barely misses you!
Your magical contamination has completely faded away!
The goblin hits you!
Casting: Sandblast (safe; 11% risk of failure)
Confirm with ! or Enter, or press ? or * to list all spells!
Aiming: Butt (safe; 11% risk of failure)
Press: ? - help, Shift-Dir - straight line, f - kobold, p - dart slug
Aim: a kobold The butt of sand hits the kobold!
The kobold is severely wounded!
b - 30 stones The goblin hits you! * * * don't die
* * * The kobold hits you butt does no damage!
The kobold hits you! rip

# ### #.#.### . ..#
#.....# ###.#
#...#.### #...#
#...#.#.# ###†#
#..>....#
#...###.###...####
.......w.w.......#
..............#Kg#
##.########...#.@####
(..# #.........# ...#
#####...#.###.# ####
#..)......# #.#
#.####..#####.###
####.## ##.........#
#.##..# #####.#####
#.###.# ####.8.8.####
#.#
#.###.8.......8.###


You could see a goblin and a kobold.

Vanquished Creatures
  3 bats (D:1)
  A giant cockroach (D:1)
  A hobgoblin (D:1)
  A frilled lizard (D:1)
  2 kobolds (D:1)
8 creatures vanquished.

Notes
Turn   | Place    | Note
-------+----------+-------------------------------------------
     0 | D:1      | Gorglomux the Minotaur Earth Elementalist began the quest for the Orb.
     0 | D:1      | Reached XP level 1. HP: 14/14 MP: 1/1
     6 | D:1      | Noticed a black bear
     6 | D:1      | Noticed a six-headed hydra
     7 | D:1      | Noticed a hog
     7 | D:1      | Noticed a salamander
   362 | D:1      | Reached skill level 1 in Fighting
   362 | D:1      | Reached skill level 1 in Armour
   389 | D:1      | Slain by a kobold

Vault maps used:
D:1:      onia_arrival_zoo_common

Skill      XL: |  1 |
---------------+----+-----
Fighting       | 1 |  1.0
Armour         | 1 |  1.0
Dodging        | |  2.1
Stealth        | |  1.5
Unarmed Combat | |  0.8
Spellcasting   | |  1.3
Transmutations | |  0.7
Earth Magic    | |  2.4

Action                   || total
-------------------------++-------
Melee: Unarmed           ||    25
       Headbutt          ||     1
 Cast: Sandblast         ||     2
 Stab: Sleeping          ||     2
Armor: Robe              ||     9
Dodge: Dodged            ||    24

Table legend:
 A = Spawn XP
 B = Non-spawn XP
 C = Spawn XP percentage of total XP
 D = Spawn monster count
 E = Non-spawn monster count
 F = Spawn count percentage of total count
 G = Total turns spent on level
                    A         B        C        D         E        F      G
               +---------+---------+-------+---------+---------+-------+---------
         Total |       0 |      11 |   0.0 |       0 |       8 |   0.0 |   389
               +---------+---------+-------+---------+---------+-------+---------
           D:1 |       0 |      11 |   0.0 |       0 |       8 |   0.0 |   389
               +---------+---------+-------+---------+---------+-------+---------
